 Dungeon Crawl Stone Soup version 0.28.0-53-g5a82cb258f (webtiles) character file.

Game seed: 7514133488936006482

5006 suse60 the Thaumaturge (level 10, -8/75 HPs)
             Began as a Djinni Fire Elementalist on Aug 6, 2022.
             Was a Believer of the Shining One.
             Mangled by a two-headed ogre
             ... wielding a +0 giant club
              (32 damage)
             ... on level 9 of the Dungeon on Aug 9, 2022.
             The game lasted 01:24:03 (10791 turns).

suse60 the Thaumaturge (Djinni Fire Elementalist)  Turns: 10791, Time: 01:24:04

Health: -8/75      AC:  2    Str: 21    XL:     10   Next: 84%
Gold:   377        EV: 23    Int: 22    God:    the Shining One [**....] SH:  0 Dex: 20

rFire   . . .      SeeInvis .   (weapon currently unavailable)
rCold   . . .      Faith    +   (shield currently unavailable)
rNeg    + + +      Spirit   .   (armour currently unavailable)
rPois   ∞          Reflect  .   (helmet currently unavailable)
rElec   .          Harm     .   (cloak currently unavailable)
rCorr   +          Rampage  .   (gloves currently unavailable)
Will    +....                   (boots unavailable)
Stlth   +.........              g - amulet of faith
HPRegen 0.22/turn               c - +6 ring of strength
MPRegen 0.00/turn               r - ring of Dufocrau {Drain rN++ rCorr Str+6 Int+4}

@: spider-form, flying, glowing
A: venomous fangs, flying, sickness immunity, tiny, (fire resistance 2), (cold
vulnerability 1), float, innate caster, HP casting, extra vitality 1, mutation
resistance 1
a: End Transformation, Renounce Religion, Divine Shield


You were on level 9 of the Dungeon.
You worshipped the Shining One.
The Shining One was pleased with you.
You were a venomous arachnid creature.
You visited 2 branches of the dungeon, and saw 10 of its levels.

You collected 481 gold pieces.
You spent 104 gold pieces at shops.

Inventory:

Hand Weapons
 y - a +4 spectral spear (melded)
Armour
 b - a +0 ring mail (melded)
 d - a +0 cloak (melded)
 o - a +1 pair of gloves (melded)
 v - a +1 hat (melded)
Jewellery
 c - a +6 ring of strength (left front leg)
 g - an amulet of faith (around neck)
 r - the ring of Dufocrau (right front leg) {Drain rN++ rCorr Str+6 Int+4}
   (You found it on level 7 of the Dungeon)

   [ring of strength]

   Str:       It affects your strength (+6).
   Int:       It affects your intelligence (+4).
   rN:        It greatly protects you from negative energy.
   rCorr:     It protects you from acid and corrosion.
   Drain:     It drains your maximum health when unequipped.
Wands
 a - a wand of digging (5)
 h - a wand of acid (5)
 k - a wand of polymorph (4)
 p - a wand of mindburst (14)
 q - a wand of iceblast (13)
Scrolls
 f - a scroll of fog
 j - 2 scrolls of teleportation
 n - a scroll of blinking
 t - a scroll of identify
 w - a scroll of fear
Potions
 i - a potion of cancellation
 l - a potion of magic
 m - a potion of heal wounds
 s - a potion of mutation


   Skills:
 - Level 7.1 Fighting
 - Level 6.0 Armour
 - Level 5.0 Dodging
 - Level 2.0 Stealth
 - Level 8.0 Spellcasting
 + Level 5.1 Invocations


You had 2 spell levels left.
You knew the following spells:

 Your Spells              Type           Power      Damage    Failure   Level
a - Foxfire               Conj/Fire      100%       2x1d9     2%          1
b - Scorch                Fire           88%        2d9       3%          2
c - Conjure Flame         Conj/Fire      44%        6-21      4%          3
d - Inner Flame           Hex/Fire       44%        N/A       4%          3
e - Flame Wave            Conj/Fire      44%        2d10      10%         4
f - Animate Skeleton      Necr           88%        N/A       2%          1
g - Corpse Rot            Necr/Air       88%        N/A       3%          2
h - Spider Form           Tmut/Pois      44%        N/A       4%          3
i - Airstrike             Air            22%        N/A       10%         4
Your spell library was empty.

Dungeon Overview and Level Annotations

Branches:
Dungeon (9/15)             Temple (1/1) D:6            Lair (0/6) D:9
    Orc: D:9-12

Altars:
Ashenzari
Cheibriados
Dithmenos
Elyvilon
Gozag
Kikubaaqudgha
Okawaru
Qazlal
Ru
Sif Muna
Uskayaw
Vehumet
Wu Jian
Xom
Zin
The Shining One

Shops:
D:1 *   D:4 ?*


Innate Abilities, Weirdness & Mutations

You are a venomous arachnid creature.
You have poisonous fangs.
You are tiny and dextrous.
You are flying.
Your spellcasting is less reliable in this form.
Your armour is entirely melded.
You are incapable of wielding weapons or throwing items.
You are immune to sickness and miasma.
You are immune to poison.
((Your flesh is very heat resistant. (rF++)))
((You are vulnerable to cold. (rC-)))
You float through the air rather than walking.
You learn spells naturally, not from books.
Your magical power is your life essence.
You have superior vitality. (+4 MHP)
You are somewhat resistant to further mutation.


Message History

You destroy the howler monkey zombie!
The Shining One accepts your kill.
Things that are here:
a +0 halberd; a +0 robe You reach down and open the door.
There is an open door here.
A two-headed ogre comes into view.
It is wielding a +0 giant club and a +0 giant spiked club.
The two-headed ogre shouts in stereo!
Casting: Scorch (safe; 1% risk of failure)
Confirm with . or Enter, or press ? or * to list all spells.
You turn into a venomous arachnid creature.
Your +4 spectral spear melds into your body.
Your +0 cloak melds into your body.
Your +1 hat melds into your body.
Your +1 pair of gloves melds into your body.
Your +0 ring mail melds into your body.
You hit the two-headed ogre.
The two-headed ogre is poisoned.
The two-headed ogre is lightly wounded.
The two-headed ogre hits you with a +0 giant club!
The two-headed ogre barely misses you.
You hit the two-headed ogre but do no damage.
The two-headed ogre looks as sick as possible!
The two-headed ogre is lightly wounded.
The two-headed ogre misses you. x2
You hit the two-headed ogre but do no damage.
The two-headed ogre looks as sick as possible!
The two-headed ogre is lightly wounded.
The two-headed ogre hits you with a +0 giant club!!
The two-headed ogre misses you.
You hit the two-headed ogre but do no damage.
The two-headed ogre looks as sick as possible!
The two-headed ogre is moderately wounded.
The two-headed ogre hits you with a +0 giant club!
* * * LOW HITPOINT WARNING * * *
The two-headed ogre barely misses you.
You hit the two-headed ogre but do no damage.
The two-headed ogre looks as sick as possible!
The two-headed ogre is heavily wounded.
The two-headed ogre misses you. The two-headed ogre barely misses you.
The two-headed ogre hits you with a +0 giant club!!
You die...

..#...#...#..........<...#.......
..#...#(..#.....#####....####....
..#...#...#.....# #.......#....
.##...#...#.....# #.......#....
......#...#.....# #.......#....
......###+#.....# #.......'....
................# #.......#....
................#####.......#....
...............Os...........#....
.###+#......................#....
.#...#).....................#....
.#...'......................#....
.#...#......................#....
.#####...#######.....########....
.........+...)..........P..†)....
##..P.####..[............≈≈≈...(.
....P......#######..#..≈≈≈≈.≈....


You could see a two-headed ogre (very poisoned).

Vanquished Creatures
  A hornet (D:9)
  4 yaks (D:9)
  A steam dragon (D:5)
  2 water moccasins
  A black bear (D:6)
  4 orc warriors
  2 ogres (D:4)
  An ice beast (D:6)
  3 necrophages (D:9)
  3 centaurs
  2 phantoms
  A kobold brigand (D:8)
  4 bullfrogs
  A gnoll sergeant (D:8)
  4 scorpions
  A wyvern zombie (D:7)
  A water moccasin zombie (D:5)
  A water moccasin skeleton (D:4)
  7 killer bees
  10 wights
  A howler monkey (D:3)
  3 centaur zombies
  A hound (D:5)
  A jelly (D:7)
  3 orc priests
  3 iguanas
  Natasha (thrice) (D:3)
  6 orc wizards
  A killer bee zombie (D:6)
  A hound zombie (D:5)
  3 hound skeletons
  A howler monkey zombie (D:9)
  8 adders
  5 gnolls (D:8)
  A shadow imp (D:7)
  An adder skeleton (D:4)
  30 orcs
  7 bats
  6 endoplasms
  4 giant cockroaches
  8 goblins
  8 hobgoblins
  3 jackals (D:5)
  8 kobolds
  2 quokkas
  6 ball pythons
  3 frilled lizards
  10 rats
191 creatures vanquished.

Vanquished Creatures (collateral kills)
  An ice beast (D:8)
1 creature vanquished.

Vanquished Creatures (others)
  58 foxfires
  3 fungi
  7 plants
68 creatures vanquished.

Grand Total: 260 creatures vanquished

Notes
Turn   | Place    | Note
-------+----------+-------------------------------------------
     0 | D:1      | suse60 the Djinni Fire Elementalist began the quest for the
                  | Orb.
     0 | D:1      | Reached XP level 1. HP: 15/15 MP: 0/0
     1 | D:1      | Found Reoh's Assorted Antiques.
   211 | D:1      | Reached XP level 2. HP: 18/21 MP: 0/0
   638 | D:1      | Reached XP level 3. HP: 24/25 MP: 0/0
   638 | D:1      | Learned a level 1 spell: Animate Skeleton
  1006 | D:1      | Found a faded altar of an unknown god.
  1071 | D:1      | You are sucked into a shaft and drop 1 floor!
  1496 | D:2      | Identified the +1 leather armour "Iniol" {-Cast rF+ Str+2}
  1868 | D:2      | Reached skill level 3 in Spellcasting
  1868 | D:2      | Reached XP level 4. HP: 26/31 MP: 0/0
  2463 | D:3      | Reached XP level 5. HP: 5/35 MP: 0/0
  2463 | D:3      | Learned a level 2 spell: Corpse Rot
  2748 | D:3      | Noticed Natasha
  2753 | D:3      | Killed Natasha
  3166 | D:3      | Noticed Natasha
  3174 | D:3      | Killed Natasha
  3175 | D:3      | Reached XP level 6. HP: 33/40 MP: 0/0
  3188 | D:3      | Noticed Natasha
  3342 | D:3      | Killed Natasha
  3572 | D:3      | Gained mutation: You are weak. (Str -2) [potion of
                  | mutation]
  3572 | D:3      | Gained mutation: You have a pair of small horns on your
                  | head. [potion of mutation]
  3955 | D:4      | Noticed an ogre
  3985 | D:4      | Reached skill level 5 in Dodging
  4129 | D:4      | Killed an ogre
  4130 | D:4      | Reached skill level 1 in Fighting
  4130 | D:4      | Reached skill level 4 in Spellcasting
  4131 | D:4      | Noticed an ogre
  4137 | D:4      | Killed an ogre
  4138 | D:4      | Reached XP level 7. HP: 41/49 MP: 0/0
  4138 | D:4      | Learned a level 3 spell: Spider Form
  4428 | D:4      | Found Ygrywn's Magic Scroll Shop.
  4435 | D:4      | Bought a scroll of enchant weapon for 82 gold pieces
  4435 | D:4      | Bought a scroll of identify for 22 gold pieces
  4513 | D:4      | Found Faajohot's Serpentskin Sales.
  4718 | D:5      | Entered Level 5 of the Dungeon
  4720 | D:5      | Found a glowing silver altar of Zin.
  4904 | D:5      | Noticed a steam dragon
  4916 | D:5      | Killed a steam dragon
  5082 | D:5      | Found a glowing golden altar of the Shining One.
  5095 | D:5      | Became a worshipper of the Shining One
  5183 | D:5      | Reached skill level 5 in Spellcasting
  5183 | D:5      | Reached XP level 8. HP: 43/58 MP: 0/0
  5365 | D:5      | Found an ornate altar of the Wu Jian Council.
  5576 | D:5      | Found a broken altar of Ashenzari.
  5580 | D:5      | Found a hide-covered altar of Uskayaw.
  5745 | D:5      | Reached skill level 5 in Fighting
  5892 | D:6      | Lost mutation: You have a pair of small horns on your head.
                  | [potion of mutation]
  5892 | D:6      | Lost mutation: You are weak. (Str -2) [potion of mutation]
  5892 | D:6      | Gained mutation: You are somewhat resistant to further
                  | mutation. [potion of mutation]
  6148 | D:6      | Reached skill level 1 in Armour
  6316 | D:6      | Reached skill level 6 in Spellcasting
  6407 | D:6      | Found a staircase to the Ecumenical Temple.
  6458 | D:6      | Reached XP level 9. HP: 61/65 MP: 0/0
  6458 | D:6      | Learned a level 4 spell: Airstrike
  6499 | D:6      | Reached * piety under the Shining One
  7277 | Temple   | Entered the Ecumenical Temple
  7475 | D:7      | Identified the ring of Dufocrau {Drain rN++ rCorr Str+6
                  | Int+4}
  7526 | D:7      | Reached skill level 7 in Spellcasting
  7738 | D:7      | Reached skill level 5 in Armour
  8389 | D:8      | Reached XP level 10. HP: 36/72 MP: 0/0
  8980 | D:8      | Reached ** piety under the Shining One
  9346 | D:8      | Reached skill level 8 in Spellcasting
 10087 | D:9      | Found a sacrificial altar of Ru.
 10102 | D:9      | Reached skill level 1 in Invocations
 10456 | D:9      | Found a staircase to the Lair.
 10730 | D:9      | Reached skill level 5 in Invocations
 10756 | D:9      | Noticed a two-headed ogre
 10791 | D:9      | Mangled by a two-headed ogre

Illustrated notes

Levels and vault maps discovered:
D:1:      onia_arrival_handbag, layout_loops_ring, serial_shops,
          nicolae_shop_waterfront, shapermc_ecumenical_altar_mp_urbaneastern,
          minmay_tromino_mix6
D:2:      layout_basic
D:3:      layout_basic, uniq_natasha
D:4:      layout_rooms, serial_shops, shop, guppyfry_shop_venom
D:5:      layout_basic, nzn_wu_jian_contemplation, mainiacjoe_overflow_catwalk,
          grunt_temple_overflow_open
D:6:      layout_basic, vehumet_crystals, minmay_temple_entry_wispy
D:7:      layout_loops_ring, solitary_fountain
D:8:      layout_cave_pools, nicolae_overflow_crystal_walls,
          hangedman_decor_opposing, minmay_crystal_room, corner_web_ring
D:9:      layout_irregular_city, kennysheep_mini, dpeg_oklobed_lair,
          serial_undead, serial_undead_a, serial_undead_f, serial_undead_c,
          serial_undead_b
Temple:   eino_narrow_crystal_temple

Skill      XL: |  1  2  3  4  5  6  7  8  9 10 |
---------------+-------------------------------+-----
Stealth        | 2 |  2.0
Dodging        | 3 4 5 |  5.0
Spellcasting   | 3 4 5 6 7 8 |  8.0
Fighting       | 2 3 5 6 7 |  7.1
Armour         | 2 5 6 |  6.0
Invocations    | 5 |  5.1

Action                   |  1- 3 |  4- 6 |  7- 9 | 10-12 || total
-------------------------+-------+-------+-------+-------++-------
Melee: Staff             |    25 |     2 |     4 |       ||    31
       Headbutt          |       |     1 |       |       ||     1
       Unarmed           |       |       |    31 |     5 ||    36
       Quarterstaff      |       |       |     5 |       ||     5
       Punch             |       |       |     1 |       ||     1
       Spear             |       |       |       |     1 ||     1
 Cast: Foxfire           |    33 |       |     3 |       ||    36
       Scorch            |     4 |    53 |   137 |    98 ||   292
       Animate Skeleton  |       |     3 |       |       ||     3
       Spider Form       |       |       |     3 |     1 ||     4
Invok: Divine Shield     |       |       |       |     1 ||     1
Evoke: Wand              |       |     3 |     6 |     6 ||    15
  Use: Scroll            |     4 |     4 |     6 |     3 ||    17
       Potion            |       |     1 |     1 |       ||     2
Armor: Robe              |    27 |     7 |     4 |       ||    38
       Leather armour    |       |       |     7 |     7 ||    14
       Ring mail         |       |       |       |     4 ||     4
Dodge: Dodged            |    49 |    12 |    69 |    39 ||   169
Block: Other             |       |       |       |     2 ||     2
